AoeStats
← Ignos

MegaRandom

504791856Analyzed
1v1 RM · 25d ago on Sep 6, 2026· 23m 20s· 2 players
Game mode
Random Map
Map size
Tiny (2 player)
Population
200
Speed
Normal
Resources
Standard
Victory
Conquest
Starting age
Dark Age
Ending age
Imperial Age
RankedLock teamsTeams togetherTeam positionsShared explorationLock speedFull tech treeHidden civsTurbo modeCheats
Victory
Defeat
🇿🇦 Spanish · South Africa
657
+13
🇪🇸 Franks · Spain
595
-13
Ignos
9:27 Loom
13:51 Feudal Age
15:22 Wheelbarrow
15:21 Double-Bit Axe
18:17 Man-at-Arms
19:18 Forging
19:10 Scale Mail Armor
19:03 Fletching
19:14 Padded Archer Armor
24:08 Castle Age
SpoonerJo
8:35 Loom
11:16 Feudal Age
15:17 Castle Age
16:32 Padded Archer Armor
Connection lost

Rejoining the realm…

Still unreachable

The connection could not be restored.

Session expired

The server has moved on; the page needs a fresh start.